 Dungeon Crawl Stone Soup version 0.28.0-43-g3370ac3207 (webtiles) character file.

Game seed: 14601477581005428362

665788 graymark the Impregnable (level 27, -39/272 HPs)
             Began as a Naga Wanderer on Mar 2, 2022.
             Was the Champion of Cheibriados.
             Killed from afar by Cerebov (64 damage)
             ... with an iron shot
             ... in Pandemonium on Mar 3, 2022.
             The game lasted 08:53:04 (93026 turns).

graymark the Impregnable (Naga Wanderer)           Turns: 93026, Time: 08:53:04

Health: -39/272    AC: 57    Str: 46    XL:     27
Magic:  33/33      EV: 22    Int: 31    God:    Cheibriados [******]
Gold:   5646       SH:  5    Dex: 33    Spells: 28/39 levels left

rFire   + + .      SeeInvis +   e - +10 lajatang of Laataoriq {venom, Str+7 SInv}
rCold   . . .      Faith    .   (shield currently unavailable)
rNeg    + + +      Spirit   .   Z - +9 scales of the Dragon King {rPois rF+ rC+ Will+}
rPois   +          Reflect  +   g - +2 helmet {Int+3}
rElec   +          Harm     .   r - +2 cloak {rCorr}
rCorr   +          Rampage  .   Q - +1 pair of gloves "Lojaicac" {rElec rN+++ Dex-4 Slay-3}
Will    ++++.                   h - +3 barding
Stlth   ..........              T - amulet of reflection
HPRegen 0.55/turn               D - ring of Xiun {rF+ rCorr}
MPRegen 0.23/turn               H - ring of Archuet {rF+ rC- Str+5 Slay+5}

@: mighty, about to teleport, fire vulnerable, very slow
A: AC +9, large, see invisible, deformed body, poison resistance, slowness 2,
spit poison 1, naga tail 2, agile 1, clever 1, weak 1, wild magic 1
}: 5/15 runes: decaying, serpentine, slimy, silver, abyssal
a: Spit Poison, Renounce Religion, Bend Time, Temporal Distortion, Slouch, Step
From Time


You were in Pandemonium.
You worshipped Cheibriados.
Cheibriados was exalted by your worship.
You visited 10 branches of the dungeon, and saw 49 of its levels.
You visited Pandemonium 1 time, and saw 2 of its levels.
You visited the Abyss 7 times.
You visited 1 bazaar.
You also visited: Trove, Ice Cave and Desolation.

You collected 11440 gold pieces.
You spent 5794 gold pieces at shops.

Inventory:

Hand Weapons
 a - the +8 hand crossbow of Evolution {penet, rCorr Int-2 Dex+3}
   (You found it on level 5 of the Pits of Slime)

   Any ammunition fired by it passes through the targets it hits, potentially
   hitting all targets in its path until it reaches maximum range.
   Int:       It affects your intelligence (-2).
   Dex:       It affects your dexterity (+3).
   rCorr:     It protects you from acid and corrosion.
 c - the +6 arbalest "Uhobafawoll" {freeze, rPois}
   (You found it on level 5 of the Pits of Slime)

   Any ammunition fired from it freezes those it strikes, dealing additional
   cold damage.
   It can also slow down cold-blooded creatures.
   rPois:     It protects you from poison.
 d - a +1 antimagic spear
 e - the +10 lajatang of Laataoriq (weapon) {venom, Str+7 SInv}
   (You found it on level 1 of the Orcish Mines)

   It poisons the flesh of those it strikes.
   Str:       It affects your strength (+7).
   SInv:      It lets you see invisible.
 t - the +7 spear of Untimely Demise {freeze, rF+ rC+ Dex+3}
   (You bought it in a shop on level 2 of the Vaults)

   It freezes those it strikes, dealing additional cold damage.
   It can also slow down cold-blooded creatures.
   Dex:       It affects your dexterity (+3).
   rF:        It protects you from fire.
   rC:        It protects you from cold.
Missiles
 s - 1237 bolts
Armour
 g - a +2 helmet of intelligence (worn)
 h - a +3 barding (worn)
 r - a +2 cloak of preservation (worn)
 M - the +9 plate armour of Patience {rF+ rC+ rN+ Str-2}
   (You found it in the Desolation of Salt)

   Str:       It affects your strength (-2).
   rF:        It protects you from fire.
   rC:        It protects you from cold.
   rN:        It protects you from negative energy.
 Q - the +1 pair of gloves "Lojaicac" (worn) {rElec rN+++ Dex-4 Slay-3}
   (You found it on level 11 of the Dungeon)

   Dex:       It affects your dexterity (-4).
   Slay:      It affects your accuracy & damage with ranged weapons and melee
   (-3).
   rElec:     It insulates you from electricity.
   rN:        It renders you almost immune to negative energy.
 Z - the +9 scales of the Dragon King (worn) {rPois rF+ rC+ Will+}
   (You found it on level 5 of the Pits of Slime)

   rF:        It protects you from fire.
   rC:        It protects you from cold.
   rPois:     It protects you from poison.
   Will:      It increases your willpower.
Jewellery
 j - the ring of Amorality {+Blink rC+ Int+5 Dex-5}
   (You found it in the Desolation of Salt)

   [ring of protection from cold]

   Int:       It affects your intelligence (+5).
   Dex:       It affects your dexterity (-5).
   rC:        It protects you from cold.
   +Blink:    It lets you blink.
 D - the ring of Xiun (left hand) {rF+ rCorr}
   (You took it off an orc on level 11 of the Dungeon)

   [ring of resist corrosion]

   rF:        It protects you from fire.
   rCorr:     It protects you from acid and corrosion.
 H - the ring of Archuet (right hand) {rF+ rC- Str+5 Slay+5}
   (You found it in the Desolation of Salt)

   [ring of protection from fire]

   Str:       It affects your strength (+5).
   Slay:      It affects your accuracy & damage with ranged weapons and melee
   (+5).
   rF:        It protects you from fire.
   rC:        It makes you vulnerable to cold.
 I - the ring "Ruckaofi" {rC+ rCorr AC+4 Str-2 Stlth+}
   (You found it in the Desolation of Salt)

   [ring of protection]

   AC:        It affects your AC (+4).
   Str:       It affects your strength (-2).
   rC:        It protects you from cold.
   rCorr:     It protects you from acid and corrosion.
   Stlth:     It makes you more stealthy.
 N - the ring of Culosiaf {Will+ Dex+3}
   (You found it in the Desolation of Salt)

   [ring of willpower]

   Dex:       It affects your dexterity (+3).
   Will:      It increases your willpower.
 O - an amulet of the acrobat
 T - an amulet of reflection (around neck)
 V - the ring of the Fortune-Teller {AC+4 Int-5 Slay+4 SInv}
   (You took it off a deep elf elementalist on level 3 of the Elven Halls)

   [ring of protection]

   AC:        It affects your AC (+4).
   Int:       It affects your intelligence (-5).
   Slay:      It affects your accuracy & damage with ranged weapons and melee
   (+4).
   SInv:      It lets you see invisible.
 X - the amulet "Citipt" {-Cast rPois Regen+ Dex+9 Stlth+}
   (You found it on level 5 of the Pits of Slime)

   [amulet of regeneration]

   Dex:       It affects your dexterity (+9).
   rPois:     It protects you from poison.
   -Cast:     It prevents spellcasting.
   Regen:     It increases your rate of health regeneration.
   Stlth:     It makes you more stealthy.
Wands
 v - a wand of digging (15)
 A - a wand of iceblast (49)
 F - a wand of acid (27)
 U - a wand of paralysis (23)
Scrolls
 b - 3 scrolls of silence
 f - 4 scrolls of vulnerability
 o - 5 scrolls of fog
 u - 4 scrolls of blinking
 B - a scroll of summoning
 C - 3 scrolls of fear
 L - a scroll of holy word
 P - 10 scrolls of teleportation
Potions
 i - 5 potions of flight
 l - 2 potions of cancellation
 m - 10 potions of curing
 n - a potion of ambrosia
 p - 9 potions of brilliance
 w - 6 potions of magic
 x - 2 potions of resistance
 y - 6 potions of invisibility
 z - 11 potions of lignification
 E - 4 potions of attraction
 G - 7 potions of mutation
 J - 3 potions of heal wounds
 W - 2 potions of berserk rage
Miscellaneous
 q - a phantom mirror (inert)
 K - a condenser vane (inert)
 R - a phial of floods (inert)
 S - a lightning rod (4/4)
 Y - a phantom mirror (inert)


   Skills:
 - Level 20.9 Fighting
 - Level 2.0(3.0) Axes
 - Level 3.4(13.6) Polearms
 - Level 20.0(20.1) Staves
 - Level 12.2 Crossbows
 + Level 21.4 Armour
 - Level 18.4 Dodging
 - Level 11.9 Stealth
 - Level 6.9 Spellcasting
 - Level 3.8 Translocations
 - Level 7.5 Transmutations
 - Level 7.5 Earth Magic
 - Level 12.9 Invocations
 - Level 1.0 Evocations


You had 28 spell levels left.
You knew the following spells:

 Your Spells              Type           Power      Damage    Failure   Level
a - Beastly Appendage     Tmut           100%       N/A       1%          1
b - Statue Form           Tmut/Erth      43%        N/A       85%         6
c - Passwall              Tmut/Erth      54%        N/A       2%          2
d - Blink                 Tloc           90%        N/A       10%         2

Your spell library contained the following spells:

 Spells                   Type           Power      Damage    Failure   Level
 Sandblast                Erth           100%       2d20      1%          1
 Wereblood                Tmut           66%        N/A       2%          2
 Sting                    Tmut/Pois      100%       1d8       7%          1
 Gell's Gravitas          Tloc           45%        N/A       17%         3
 Lesser Beckoning         Tloc           45%        N/A       17%         3
 Spider Form              Tmut/Pois      44%        N/A       17%         3
 Stone Arrow              Conj/Erth      88%        3d12      17%         3
 Teleport Other           Tloc           45%        N/A       17%         3
 Foxfire                  Conj/Fire      56%        2x1d6     26%         1
 Freeze                   Ice            56%        1d7       26%         1
 Shock                    Conj/Air       56%        1d6       26%         1
 Ignite Poison            Fire/Tmut/Pois 34%        N/A       28%         3
 Blade Hands              Tmut           33%        N/A       32%         5
 Lee's Rapid Deconstruct  Erth           32%        3d18*     32%         5
 Portal Projectile        Hex/Tloc       58%        N/A       34%         3
 Corpse Rot               Necr/Air       28%        N/A       36%         2
 Ensorcelled Hibernation  Hex/Ice        28%        N/A       36%         2
 Poisonous Vapours        Pois/Air       28%        N/A       36%         2
 Scorch                   Fire           28%        2d6       36%         2
 Searing Ray              Conj           28%        2d5       36%         2
 Static Discharge         Conj/Air       14%        N/A       36%         2
 Ice Form                 Ice/Tmut       44%        N/A       45%         4
 Passage of Golubria      Tloc           45%        N/A       45%         4
 Leda's Liquefaction      Hex/Erth       22%        N/A       47%         4
 Confusing Touch          Hex            14%        N/A       58%         3
 Conjure Flame            Conj/Fire      14%        6-21      58%         3
 Dazzling Flash           Conj/Hex       28%        N/A       58%         3
 Frozen Ramparts          Ice            28%        1d4       58%         3
 Inner Flame              Hex/Fire       14%        N/A       58%         3
 Mephitic Cloud           Conj/Pois/Air  14%        N/A       58%         3
 Ozocubu's Armour         Ice            14%        N/A       58%         3
 Summon Guardian Golem    Hex/Summ       14%        N/A       58%         3
 Swiftness                Air            14%        N/A       58%         3
 Iskenderun's Mystic Bla  Conj/Tloc      29%        2d7       73%         4
 Manifold Assault         Tloc           45%        N/A       78%         5
 Yara's Violent Unravell  Hex/Tmut       22%        3d10      80%         5
 Borgnjor's Vile Clutch   Necr/Erth      22%        N/A       82%         5
 Airstrike                Air            7%         N/A       92%         4
 Anguish                  Hex/Necr       7%         N/A       92%         4
 Dispel Undead            Necr           14%        3d10      92%         4
 Flame Wave               Conj/Fire      14%        2d6       92%         4
 Fulminant Prism          Conj/Hex       7%         3d7       92%         4
 Hailstorm                Conj/Ice       14%        3d5       92%         4
 Olgreb's Toxic Radiance  Pois           14%        N/A       92%         4
 Sticky Flame             Conj/Fire      14%        2d4       92%         4
 Summon Ice Beast         Ice/Summ       14%        N/A       92%         4
 Summon Lightning Spire   Summ/Air       14%        N/A       92%         4
 Excruciating Wounds      Necr           7%         N/A       99%         5
 Fireball                 Conj/Fire      7%         3d5       99%         5
 Freezing Cloud           Conj/Ice/Air   7%         6-21      99%         5
 Iskenderun's Battlesphe  Conj           14%        2d7       99%         5
 Lightning Bolt           Conj/Air       7%         1d19      99%         5
 Metabolic Englaciation   Hex/Ice        7%         N/A       99%         5
 Silence                  Hex/Air        7%         N/A       99%         5
 Conjure Ball Lightning   Conj/Air       7%         3x3d6     100%        6
 Death Channel            Necr           7%         N/A       100%        6
 Dispersal                Tloc           22%        N/A       100%        6
 Eringya's Noxious Bog    Tmut/Pois      22%        N/A       100%        6
 Simulacrum               Ice/Necr       7%         N/A       100%        6
 Starburst                Conj/Fire      7%         6d4       100%        6
 Summon Cactus Giant      Summ           7%         N/A       100%        6
 Enfeeble                 Hex            7%         N/A       100%        7
 Malign Gateway           Summ/Tloc      14%        N/A       100%        7
 Orb of Destruction       Conj           7%         9d6       100%        7
 Spellforged Servitor     Conj/Summ      7%         N/A       100%        7
 Storm Form               Tmut/Air       22%        N/A       100%        7
 Discord                  Hex            7%         N/A       100%        8
 Disjunction              Tloc           22%        N/A       100%        8
 Lehudib's Crystal Spear  Conj/Erth      22%        10d6      100%        8
 Maxwell's Capacitive Co  Air            7%         ∞         100%        8
 Summon Horrible Things   Summ           7%         N/A       100%        8
 Polar Vortex             Ice            7%         N/A       100%        9


Dungeon Overview and Level Annotations

Branches:
Dungeon (15/15)            Temple (1/1) D:4            Lair (6/6) D:10
  Swamp (4/4) Lair:3        Snake (4/4) Lair:2        Slime (5/5) Lair:6
    Orc (2/2) D:11            Elf (3/3) Orc:2        Vaults (5/5) D:14
  Crypt (0/3) Vaults:3     Depths (4/4) D:15            Zot (0/5) Depths:4
  IceCv (visited)         Desolation (visited)

Altars:
Ashenzari
Cheibriados
Dithmenos
Elyvilon
Fedhas
Gozag
Hepliaklqana
Kikubaaqudgha
Makhleb
Nemelex Xobeh
Okawaru
Qazlal
Ru
Sif Muna
Trog
Uskayaw
Vehumet
Wu Jian
Xom
Yredelemnul
Zin
The Shining One
Beogh
Jiyva

Shops:
D:4 ?=**   D:8 (   D:9 :   D:13 *   Orc:2 ([=!*   Snake:1 ([=   Snake:2 =:=
Snake:3 :   Vaults:2 *(*[   Vaults:3 (*   Depths:1 ?   Depths:4 =

Portals:
Hell: Depths:1 Depths:2 Depths:3 Depths:4
Abyss: Depths:1 Depths:3
Pandemonium: Depths:2 Depths:3
Ziggurat: Depths:4

Annotations:
Pan Cerebov


Innate Abilities, Weirdness & Mutations

Your serpentine skin is tough. (AC +9)
You have supernaturally acute eyesight. (SInv)
Armour fits poorly on your strangely shaped body.
Your system is resistant to poisons. (rPois)
You cover ground very slowly.
You can spit poison.
You can use your snake-like lower body to constrict enemies.
You are agile. (Dex +2)
Your mind is acute. (Int +2)
You are weak. (Str -2)
Your spells are a little harder to cast, but a little more powerful.


Message History

Cerebov is lightly wounded.
The balrug hits you but does no damage. x2
Cerebov hits you but does no damage.
You slice Cerebov!!
Cerebov is moderately wounded.
The hellion barely misses you. x2; The balrug hits you but does no damage.
The balrug barely misses you.
Cerebov hits you with the +6 sword of Cerebov {flame}!
* * * LOW HITPOINT WARNING * * *
Cerebov burns you.
* * * LOW HITPOINT WARNING * * *
You barely miss Cerebov.
Cerebov is moderately wounded.
Cerebov is no longer covered in acid.
The hellion closely misses you. x2
The balrug hits you with a +0 demon whip!
* * * LOW HITPOINT WARNING * * *
You are engulfed in flames.
You resist.
* * * LOW HITPOINT WARNING * * *
The balrug hits you with a +0 demon whip.
* * * LOW HITPOINT WARNING * * *
You are engulfed in flames!
You resist.
* * * LOW HITPOINT WARNING * * *
Cerebov closely misses you.
You hit Cerebov.
Cerebov is moderately wounded.
The hellion hits you but does no damage.
The hellion closely misses you. Cerebov hits you but does no damage.
The balrug hits you with a +0 demon whip.
* * * LOW HITPOINT WARNING * * *
You are engulfed in flames.
You resist.
* * * LOW HITPOINT WARNING * * *
The balrug hits you with a +0 demon whip.
* * * LOW HITPOINT WARNING * * *
You are engulfed in flames.
You resist.
* * * LOW HITPOINT WARNING * * *
You slash Cerebov!
Cerebov is moderately wounded.
Cerebov gestures at you. The iron shot hits you!!!
You die...

≈§...≈≈≈§≈≈≈...≈≈≈≈§≈≈.......#
#≈...≈#####≈...≈#####≈.......#
#≈...≈#.))#≈...≈# .#≈.......##
#≈..§≈#)[}#§..≈≈# :[#≈§.......#
#≈≈≈§≈#.}[#≈§≈≈## :.##≈≈......#
##≈≈§###'###≈§####'####≈§.....#
#######§.≈######≈...≈###≈≈≈≈..#
≈§≈≈≈≈≈≈.§≈≈≈≈#≈≈2..≈≈#####≈..#
....)..(..(...'2@&....# #§..#
...)...)§.....'.22v...') #≈..#
..)§(...(.(.§§§.......#. #≈..#
≈≈≈≈§§≈≈.≈≈≈§≈#§§...≈≈#####≈..#
#######§.≈######≈...§###≈≈≈≈..#
##≈≈≈###'###§§####'####≈≈..§§.#
#≈≈≈≈≈#...#§≈≈§## :.##≈≈......#
#≈...≈#.}.#§§.≈§# )[#§≈.......#
#≈...≈#...#≈...§# #≈........#


You could see Cerebov (fast), 2 balrugs, 2 hellions and a fire vortex.

Vanquished Creatures
  the Royal Jelly (Slime:5)
  A pandemonium lord (Pan)
  A dread lich (Vaults:5)
  Mara (Swamp:4)
  Sojobo (Depths:3)
  Saint Roka (Orc:2)
  A caustic shrike (Depths:3)
  Nikola (Snake:1)
  2 profane servitors (Abyss:1)
  5 golden dragons
  8 bone dragons
  A shard shrike zombie (Abyss:3)
  Rupert (Orc:2)
  3 hellephants
  8 Brimstone Fiends (Pan)
  2 tentacled monstrosities
  Jorgrun (Swamp:3)
  6 liches
  A walking earthen tome (Depths:3)
  3 titans (Vaults:5)
  6 quicksilver dragons
  2 deep elf master archers (Elf:3)
  A Hell Sentinel (Abyss:1)
  2 deep elf blademasters (Elf:3)
  The ghost of Galthrax the Warrior, an adept MiGl of Ashenzari (Swamp:1)
  7 sphinxes
  18 acid blobs
  19 tentacled starspawn
  2 Executioners
  Agnes (D:15)
  An ancient champion (Depths:2)
  6 tengu reavers
  Roxanne (Swamp:4)
  3 storm dragons
  6 shadow dragons
  Donald (Snake:1)
  Kirke (Swamp:3)
  3 nagarajas (Snake:4)
  11 azure jellies
  10 rockslimes
  A revenant (Abyss:5)
  A draconian knight (Depths:4)
  A draconian monk (Depths:4)
  11 fire giants
  4 demonspawn warmongers (Pan)
  5 frost giants
  An iron dragon (Depths:3)
  40 balrugs
  18 vault wardens
  5 deep elf sorcerers
  A curse skull (Vaults:3)
  Louise (Depths:3)
  4 deep elf elementalists
  A caustic shrike zombie (Abyss:2)
  A shard shrike simulacrum (Abyss:4)
  A juggernaut zombie (Depths:1)
  3 imperial myrmidons (Desolation)
  Aizul (Depths:1)
  A draconian shifter (Depths:4)
  3 orc warlords
  4 ghouls (Swamp:1)
  8 quicksilver oozes
  A demonspawn corrupter (Pan)
  A spriggan defender (Depths:3)
  5 reapers
  2 war gargoyles (Vaults:3)
  22 ironbound preservers
  11 ironbound thunderhulks
  A juggernaut skeleton (Depths:1)
  6 stone giants
  2 demonspawn blood saints (Pan)
  19 very ugly things
  7 deep elf demonologists
  2 green draconians
  7 vampire knights
  A bunyip (Swamp:2)
  9 deep elf annihilators (Elf:3)
  4 lorocyprocas
  A white draconian (Abyss:3)
  5 eleionomae
  Nessos (D:12)
  A black draconian (Depths:4)
  A yellow draconian (Depths:4)
  2 entropy weavers
  A halazid warlock (Desolation)
  3 red draconians (Depths:4)
  7 dire elephants (Vaults:3)
  2 eidola
  17 ettins
  5 crystal guardians
  6 deep elf death magi
  An iron golem (Depths:3)
  Josephine (Orc:1)
  4 green deaths
  3 ragged hierophants (Desolation)
  A shambling mangrove (Swamp:4)
  18 yaktaur captains
  2 fire dragons
  17 great orbs of eyes
  Fannar (Lair:1)
  Harold (D:10)
  33 vault guards
  3 rakshasas
  The ghost of TheBloodborn the Cleaver, a journeyman GrMo of Dithmenos (Orc:1)
  A spectral fenstrider witch (Swamp:1)
  4 boulder beetles
  6 deep elf high priests
  17 naga warriors
  22 hydras
  A great orb of eyes (shapeshifter) (D:14)
  A quicksilver dragon skeleton (Depths:2)
  4 servants of whispers
  An ice dragon (shapeshifter) (Vaults:1)
  2 hell beasts
  9 ice dragons
  4 salamander tyrants
  A ghost crab (Swamp:2)
  12 peacekeepers
  2 spriggan air magi (Depths:4)
  3 ironbound frosthearts
  Erica (D:10)
  10 anacondas
  2 death knights
  10 centaur warriors
  An ogre mage (Vaults:5)
  A radroach (shapeshifter) (Vaults:5)
  2 catoblepae
  4 deep troll shamans
  7 alligators
  26 dancing weapons
  A hell hog (Depths:2)
  3 spriggan berserkers
  4 deep troll earth magi
  4 two-headed ogres
  5 tengu warriors
  2 orc high priests
  17 soul eaters
  5 death yaks (Lair:5)
  11 naga sharpshooters
  A titan zombie (Abyss:3)
  8 shock serpents
  31 thrashing horrors
  20 wretched stars
  4 hell knights (Depths:2)
  3 titan skeletons
  7 iron trolls
  13 deep elf knights
  7 spatial maelstroms
  134 sun demons
  Sonja (D:11)
  A spectral bunyip (Swamp:1)
  6 goliath frogs
  2 shadow wraiths
  2 salamander mystics (Snake:4)
  57 deep trolls
  9 skeletal warriors
  6 glowing orange brains
  2 flayed ghosts (Abyss:4)
  A spectral spriggan (Swamp:1)
  A spectral hydra (Swamp:1)
  3 spriggan druids
  6 naga ritualists
  A quicksilver dragon simulacrum (Depths:2)
  An obsidian statue (D:11)
  10 bog bodies
  7 orc knights
  6 deep elf archers
  2 tengu zombies (Depths:1)
  9 necromancers
  16 swamp dragons
  A shadow demon (Abyss:3)
  7 lindwurms
  24 ironbound convokers
  5 phantasmal warriors
  11 wizards
  25 deep elf pyromancers
  19 deep elf zephyrmancers
  2 human zombies (Vaults:3)
  A harpy (shapeshifter) (Depths:3)
  2 frost giant zombies
  6 mana vipers
  49 ugly things
  5 orc sorcerers
  A shining eye (shapeshifter) (Vaults:5)
  A tengu skeleton (Depths:1)
  5 shining eyes
  6 will-o-the-wisps
  6 worldbinders
  2 cyclopes
  A moth of wrath (shapeshifter) (D:15)
  23 salamanders
  A stone giant skeleton (Depths:1)
  7 elephants
  A fire giant skeleton (Vaults:3)
  A manticore (D:14)
  A frost giant skeleton (Depths:1)
  13 guardian serpents
  A rust devil (Abyss:1)
  21 orange demons
  10 vault sentinels
  A molten gargoyle (Desolation)
  7 apocalypse crabs (Abyss:3)
  5 torpor snails (Lair:6)
  47 black mambas
  2 eyes of devastation
  11 naga magi
  15 smoke demons
  A gargoyle (D:12)
  9 cane toads
  A komodo dragon (shapeshifter) (Vaults:1)
  2 unseen horrors
  Maggie (D:9)
  6 hellions
  A kobold demonologist (Abyss:3)
  A dire elephant skeleton (Abyss:3)
  12 demonic crawlers (Pan)
  A tormentor (Abyss:3)
  21 efreet
  49 starcursed masses
  10 komodo dragons
  4 rime drakes
  6 tengu conjurers
  3 entropy weaver simulacra (IceCv)
  5 freezing wraiths
  28 yaktaurs
  An alligator snapping turtle skeleton (Abyss:2)
  15 ancient zymes
  5 hellwings
  An ice devil (Abyss:2)
  A meliai (shapeshifter) (Abyss:4)
  A troll (shapeshifter) (Depths:3)
  2 spriggan skeletons
  3 silent spectres
  43 saltlings
  12 tyrant leeches
  9 trolls
  16 hornets
  3 meliai (D:13)
  4 polar bears
  An ettin zombie (Abyss:2)
  A harpy skeleton (Abyss:3)
  117 slime creatures
  12 blink frogs
  35 raiju
  A raiju (shapeshifter) (Elf:1)
  A spriggan zombie (Depths:1)
  57 large abominations
  A centaur simulacrum (D:14)
  A fire giant simulacrum (Depths:1)
  32 ynoxinuls
  6 wyverns
  26 flying skulls
  27 yaks
  3 air elementals
  4 shadows
  A dire elephant simulacrum (Abyss:2)
  4 basilisks
  11 spriggans
  A yak (shapeshifter) (D:15)
  10 wraiths
  An ettin skeleton (Abyss:4)
  5 fire bats
  13 golden eyes
  A redback (Vaults:3)
  2 fire elementals
  7 humans (D:14)
  Grum (D:11)
  16 neqoxecs
  2 steam dragons
  18 chaos spawn
  4 wargs
  16 swamp worms
  20 vampire mosquitoes
  51 nagas
  8 spatial vortices
  11 water moccasins
  An acid dragon (D:11)
  A hydra simulacrum (Swamp:1)
  10 swamp drakes
  A floating eye (Abyss:4)
  A human skeleton (Vaults:3)
  4 black bears
  2 hornet zombies
  33 orc warriors
  A black bear (shapeshifter) (Depths:3)
  5 necrophages
  2 sky beasts
  12 ogres
  4 boggarts (D:15)
  20 centaurs
  13 wolves
  2 phantoms
  2 kobold brigands
  15 bullfrogs
  A water moccasin zombie (D:7)
  A glowing shapeshifter simulacrum (IceCv)
  3 scorpions
  3 earth elementals
  38 small abominations
  3 killer bees (D:9)
  A water moccasin skeleton (D:4)
  A killer bee (shapeshifter) (Vaults:5)
  7 wights
  6 howler monkeys
  An electric eel (Lair:3)
  3 crimson imps
  3 bullfrog zombies
  7 jellies
  4 quasits
  4 hounds
  Crazy Yiuf (D:6)
  7 centaur zombies
  A bullfrog skeleton (D:6)
  A centaur skeleton (D:6)
  3 iron imps (Abyss:3)
  23 orc priests
  6 hell rats (Lair:6)
  An iguana (D:6)
  26 orc wizards
  A killer bee zombie (D:7)
  6 ogre zombies (D:11)
  A hound skeleton (D:7)
  2 howler monkey zombies (D:8)
  3 gnolls
  9 adders
  8 river rats (Lair:6)
  A shadow imp (Abyss:2)
  8 white imps
  7 ufetubi
  2 worms (D:2)
  2 dart slugs
  87 orcs
  6 ball pythons
  6 endoplasms
  A giant cockroach (D:1)
  10 hobgoblins
  2 jackals (D:2)
  3 quokkas (D:4)
  2 bats
  2 frilled lizards
  6 goblins
  3 goblin skeletons (D:11)
  2 goblin zombies (D:11)
  A hobgoblin zombie (D:11)
  15 kobolds
  2 orc skeletons (D:11)
  11 orc zombies (D:11)
  16 rats
  A bush (Abyss:1)
  6 fire vortices (Pan)
  3 lurking horrors
  13 starspawn tentacles
2771 creatures vanquished.

Vanquished Creatures (others)
  A peacekeeper (Desolation)
  A spriggan skeleton (Abyss:5)
  A thrashing horror (Abyss:5)
  2 deep elf archers
  A wizard (Vaults:3)
  A deep elf zephyrmancer (Elf:1)
  2 large abominations (Abyss:5)
  A black mamba (Snake:1)
  A smoke demon (Pan)
  A yaktaur (D:15)
  3 bloated husks
  A tyrant leech (Swamp:2)
  3 raiju
  A centaur simulacrum (D:15)
  4 humans
  A neqoxec (Abyss:5)
  A centaur (D:15)
  A quasit (Abyss:3)
  2 starcursed masses (Abyss:5)
  3 fire vortices (Pan)
  27 foxfires
  39 fungi
  4 lurking horrors
  76 plants
  41 starspawn tentacles
219 creatures vanquished.

Grand Total: 2990 creatures vanquished

Notes
Turn   | Place    | Note
-------+----------+-------------------------------------------
     0 | D:1      | graymark the Naga Wanderer began the quest for the Orb.
     0 | D:1      | graymark set off with the following items: a +0 vorpal
                  | quarterstaff, a +0 hand axe, a +0 helmet, a +0 leather
                  | armour
     0 | D:1      | Reached XP level 1. HP: 15/15 MP: 1/1
   194 | D:1      | Reached XP level 2. HP: 20/22 MP: 2/2
   564 | D:1      | Reached XP level 3. HP: 30/30 MP: 3/3
   579 | D:1      | Reached skill level 1 in Stealth
   728 | D:1      | Found a faded altar of an unknown god.
  1038 | D:2      | Found a sacrificial altar of Ru.
  1122 | D:2      | Reached skill level 1 in Armour
  1819 | D:1      | Reached XP level 4. HP: 11/37 MP: 4/4
  2454 | D:2      | Reached skill level 1 in Fighting
  2631 | D:2      | Reached XP level 5. HP: 44/44 MP: 5/5
  3968 | D:4      | Found a staircase to the Ecumenical Temple.
  3996 | Temple   | Entered the Ecumenical Temple
  4175 | Temple   | Became a worshipper of Cheibriados the Contemplative
  4280 | D:4      | Found Hiewur Dilin's Magic Scroll Boutique.
  4294 | D:4      | Reached skill level 2 in Armour
  4294 | D:4      | Reached XP level 6. HP: 48/51 MP: 6/6
  4313 | D:4      | Bought a scroll of identify for 20 gold pieces
  4313 | D:4      | Bought a scroll of magic mapping for 35 gold pieces
  4313 | D:4      | Bought a scroll of fear for 35 gold pieces
  4637 | D:4      | Found Tejinoir's Jewellery Shop.
  4725 | D:4      | Found Wezxugre's General Store.
  4728 | D:4      | Found Weirghuadgh's Specific Store.
  5168 | D:5      | Entered Level 5 of the Dungeon
  5225 | D:5      | Noticed a black bear
  5234 | D:5      | Killed a black bear
  5235 | D:5      | Reached XP level 7. HP: 46/60 MP: 7/7
  5475 | D:5      | Reached skill level 3 in Armour
  5492 | D:5      | Identified the +6 chain mail "Ypipt" {rC+ rCorr}
  5541 | D:5      | Reached * piety under Cheibriados
  5542 | D:5      | Reached XP level 8. HP: 19/68 MP: 8/8
  5851 | D:5      | Learned a level 1 spell: Beastly Appendage
  6135 | D:5      | Reached skill level 5 in Stealth
  6434 | D:6      | Reached skill level 4 in Armour
  6743 | D:6      | Reached ** piety under Cheibriados
  6859 | D:6      | Reached XP level 9. HP: 78/78 MP: 9/9
  6888 | D:6      | Reached skill level 5 in Dodging
  6962 | D:6      | Found a shimmering altar of Xom.
  6965 | D:6      | Found a blossoming altar of Fedhas.
  6970 | D:6      | Found a glowing golden altar of the Shining One.
  7586 | D:6      | Reached skill level 5 in Armour
  7893 | D:6      | Found a runed translucent door.
  7895 | D:6      | Noticed Crazy Yiuf
  8001 | D:6      | Killed Crazy Yiuf
  8123 | D:7      | Identified the +5 hunting sling "Niobloll" {flame, rPois
                  | Dex+2}
  8170 | D:7      | Reached *** piety under Cheibriados
  8636 | D:7      | Found a shimmering blue altar of Sif Muna.
  8726 | D:7      | Noticed an unseen horror
  8730 | D:7      | Killed an unseen horror
  8731 | D:7      | Reached skill level 5 in Fighting
  8731 | D:7      | Reached skill level 6 in Armour
  8773 | D:7      | Found a basalt altar of Yredelemnul.
  8859 | D:7      | Reached XP level 10. HP: 88/88 MP: 10/10
  8940 | D:7      | Found a burning altar of Makhleb.
  9112 | D:4      | Bought a scroll of identify for 28 gold pieces
  9189 | D:4      | Bought a scroll of amnesia for 35 gold pieces
  9509 | D:8      | Reached **** piety under Cheibriados
  9802 | D:8      | Found Paehioch's Weapon Shop.
  9969 | D:9      | Reached skill level 1 in Polearms
  9977 | D:9      | Found a broken altar of Ashenzari.
  9999 | D:9      | Reached skill level 7 in Armour
 10037 | D:9      | Noticed a two-headed ogre
 10045 | D:9      | Killed a two-headed ogre
 10191 | D:9      | Noticed Maggie
 10198 | D:9      | Killed Maggie
 10199 | D:9      | Noticed a two-headed ogre
 10234 | D:9      | Killed a two-headed ogre
 10396 | D:9      | Found Cyuri's Book Boutique.
 10479 | D:9      | Reached XP level 11. HP: 89/99 MP: 11/11
 10745 | D:10     | Entered Level 10 of the Dungeon
 10793 | D:10     | Reached skill level 8 in Armour
 10806 | D:10     | Reached ***** piety under Cheibriados
 10838 | D:10     | Found a staircase to the Lair.
 10946 | D:10     | Noticed Harold
 10957 | D:10     | Killed Harold
 11306 | D:10     | Noticed Erica
 11317 | D:10     | Killed Erica
 11676 | Lair:1   | Entered Level 1 of the Lair of Beasts
 11920 | Lair:1   | Noticed an eight-headed hydra
 11927 | Lair:1   | Killed an eight-headed hydra
 12200 | Lair:1   | Noticed Fannar
 12232 | Lair:1   | Killed Fannar
 12695 | Lair:1   | Reached skill level 9 in Armour
 12853 | Lair:2   | Reached XP level 12. HP: 104/110 MP: 12/12
 12884 | Lair:2   | Found a staircase to the Snake Pit.
 12929 | Lair:2   | Noticed a six-headed hydra
 12938 | Lair:2   | Killed a six-headed hydra
 13093 | Lair:2   | Noticed an eight-headed hydra
 13103 | Lair:2   | Killed an eight-headed hydra
 13367 | Lair:2   | Reached skill level 10 in Dodging
 14008 | Lair:2   | Noticed a six-headed hydra
 14016 | Lair:2   | Killed a six-headed hydra
 14017 | Lair:2   | Reached skill level 10 in Armour
 14133 | Lair:2   | Reached ****** piety under Cheibriados
 14218 | Lair:3   | Found a frozen archway.
 14375 | IceCv    | Entered an ice cave
 14894 | Lair:3   | Gained mutation: You can use your snake-like lower body to
                  | constrict enemies. [Naga growth]
 14894 | Lair:3   | Reached XP level 13. HP: 118/118 MP: 13/13
 15229 | Lair:3   | Found a staircase to the Swamp.
 15856 | Lair:4   | Reached skill level 10 in Staves
 16957 | Lair:5   | Identified the ring "Aweuqon" {rF- rN++ Will+ Int+6}
 17935 | Lair:6   | Entered Level 6 of the Lair of Beasts
 17959 | Lair:5   | Reached skill level 11 in Armour
 18824 | Lair:6   | Found a runed translucent door.
 18827 | Lair:6   | Found a viscous altar of Jiyva.
 18828 | Lair:6   | Found a staircase to the Slime Pits.
 18940 | Lair:6   | Reached XP level 14. HP: 129/130 MP: 14/14
 19236 | Lair:6   | Found a runed translucent door.
 19598 | Lair:6   | Reached skill level 10 in Fighting
 20504 | D:4      | Bought the ring "Kuimal" {Fly Str+6 Stlth+} for 985 gold
                  | pieces
 20714 | D:11     | Identified the ring "Nuhutann" {rPois rF+ rCorr Int-5}
 20717 | D:11     | Identified the ring of Xiun {rF+ rCorr}
 20875 | D:11     | Noticed Sonja
 20940 | D:11     | Reached skill level 12 in Armour
 20992 | D:11     | Killed Sonja
 21325 | D:11     | You fall into a shaft and drop 3 floors!
 21498 | D:14     | Reached skill level 1 in Invocations
 22122 | D:13     | Found Hisealeu's Assorted Antiques.
 22125 | D:13     | Bought a potion of curing for 99 gold pieces
 22288 | D:12     | Noticed Nessos
 22566 | D:11     | Noticed Grum
 22576 | D:11     | Killed Grum
 22824 | D:11     | Found a staircase to the Orcish Mines.
 23082 | D:11     | Identified the +1 pair of gloves "Lojaicac" {rElec rN+++
                  | Dex-4 Slay-3}
 23189 | D:12     | Got Uddeos's Guide on Supportive Heat
 23469 | D:12     | Killed Nessos
 23470 | D:12     | Reached XP level 15. HP: 79/141 MP: 12/18
 23849 | D:12     | Identified the +7 scimitar "Rorubak" {flame, Stlth+}
 24420 | D:13     | Reached skill level 5 in Invocations
 24504 | D:13     | Found a portal to a secret trove of treasure.
 24960 | Orc:1    | Entered Level 1 of the Orcish Mines
 24980 | Orc:1    | Noticed an orc warlord
 25024 | Orc:1    | Killed an orc warlord
 25533 | Orc:1    | Found a large runed translucent door.
 25534 | Orc:1    | Found a large runed translucent door.
 25540 | Orc:1    | Noticed TheBloodborn's ghost (journeyman GrMo)
 25829 | Orc:1    | Killed TheBloodborn's ghost
 25842 | Orc:1    | Identified the +10 lajatang of Laataoriq {venom, Str+7
                  | SInv}
 25889 | Orc:2    | Entered Level 2 of the Orcish Mines
 26208 | Orc:2    | Noticed Rupert
 26218 | Orc:2    | Killed Rupert
 26227 | Orc:2    | Found Qapi's Distillery.
 26571 | Orc:2    | Found Hazyti's General Store.
 26650 | Orc:2    | Bought a scroll of blinking for 82 gold pieces
 26650 | Orc:2    | Bought 2 scrolls of identify for 44 gold pieces
 26720 | Orc:2    | Found a staircase to the Elven Halls.
 26892 | Orc:2    | Noticed Saint Roka
 27262 | Orc:2    | Killed Saint Roka
 27453 | Orc:2    | Found Uraaled's Antique Armour Boutique.
 27457 | Orc:2    | Found Reos's Antique Weapon Shop.
 27512 | Orc:2    | Found Canon's Jewellery Shop.
 27517 | Orc:2    | Reached skill level 13 in Armour
 27584 | Orc:2    | Bought a potion of resistance for 100 gold pieces
 27584 | Orc:2    | Bought a potion of resistance for 100 gold pieces
 27584 | Orc:2    | Bought a potion of mutation for 80 gold pieces
 27584 | Orc:2    | Bought a potion of curing for 30 gold pieces
 27584 | Orc:2    | Bought a potion of invisibility for 80 gold pieces
 27686 | Orc:1    | Noticed Josephine
 27691 | Orc:1    | Killed Josephine
 28011 | Snake:1  | Entered Level 1 of the Snake Pit
 28305 | Snake:1  | Noticed Donald
 28309 | Snake:1  | Killed Donald
 28717 | Snake:1  | Found Hamoxod's Weapon Emporium.
 28719 | Snake:1  | Found Ecoshiec's Armour Shoppe.
 28721 | Snake:1  | Found Guf Kuate's Jewellery Emporium.
 28732 | Snake:1  | Noticed Nikola
 28764 | Snake:1  | Killed Nikola
 28818 | Snake:1  | Reached XP level 16. HP: 45/152 MP: 18/21
 31166 | Snake:2  | Found Naot's Jewellery Boutique.
 31168 | Snake:2  | Found Lomeet's Book Emporium.
 31169 | Snake:2  | Found Bopnem's Jewellery Boutique.
 31494 | Snake:3  | Found Diecas's Book Shop.
 33809 | Snake:4  | Entered Level 4 of the Snake Pit
 33860 | Snake:4  | Reached XP level 17. HP: 107/163 MP: 23/23
 34718 | Snake:4  | Reached skill level 14 in Armour
 35714 | Snake:4  | Reached skill level 10 in Invocations
 36311 | Snake:4  | Noticed a quicksilver dragon
 36311 | Snake:4  | Noticed a quicksilver dragon
 36472 | Snake:4  | Got a serpentine rune of Zot
 36494 | Snake:4  | Killed a quicksilver dragon
 36762 | Snake:4  | Killed a quicksilver dragon
 37085 | Swamp:1  | Entered Level 1 of the Swamp
 38156 | Swamp:1  | Found a transporter.
 38163 | Swamp:1  | Noticed Galthrax's ghost (adept MiGl)
 38381 | Swamp:1  | Found a transporter.
 39195 | Swamp:2  | Reached XP level 18. HP: 70/175 MP: 16/26
 40093 | Swamp:3  | Noticed Kirke
 40099 | Swamp:3  | Killed Kirke
 40802 | Swamp:3  | Noticed Jorgrun
 40808 | Swamp:3  | Killed Jorgrun
 40878 | Swamp:4  | Entered Level 4 of the Swamp
 41153 | Swamp:4  | Noticed Mara
 41166 | Swamp:4  | Noticed graymark's illusion
 41184 | Swamp:4  | Killed Mara
 41776 | Swamp:4  | Identified Roxanne's Disquisition on Clay
 41776 | Swamp:4  | Noticed Roxanne
 41871 | Swamp:4  | Killed Roxanne
 42320 | Swamp:4  | Reached skill level 15 in Dodging
 42601 | Swamp:4  | Got a decaying rune of Zot
 42784 | Swamp:1  | Killed Galthrax's ghost
 42796 | Swamp:1  | Reached skill level 15 in Armour
 43237 | D:14     | Learned a level 6 spell: Statue Form
 43409 | D:14     | Found a gate to the Vaults.
 43561 | D:14     | Found a faded altar of an unknown god.
 43562 | D:14     | Found a hazy altar of Hepliaklqana.
 43563 | D:14     | Found a faded altar of an unknown god.
 43613 | D:15     | Entered Level 15 of the Dungeon
 43911 | D:15     | Reached skill level 1 in Spellcasting
 43911 | D:15     | Reached skill level 1 in Transmutations
 43911 | D:15     | Reached skill level 1 in Earth Magic
 44284 | D:15     | Reached XP level 19. HP: 176/184 MP: 28/28
 44286 | D:15     | Paralysed by a great orb of eyes for 3 turns
 44302 | D:15     | Noticed Agnes
 44309 | D:15     | Reached skill level 15 in Fighting
 44323 | D:15     | Killed Agnes
 44521 | D:15     | Found a staircase to the Depths.
 45149 | Elf:1    | Entered Level 1 of the Elven Halls
 46522 | Elf:2    | Paralysed by an air elemental for 1 turns
 46528 | Elf:2    | Paralysed by an air elemental for 1 turns
 46694 | Elf:2    | Found a runed translucent gate.
 46694 | Elf:2    | Found a runed translucent gate.
 46718 | Elf:2    | Found a runed translucent gate.
 47861 | Elf:3    | Entered Level 3 of the Elven Halls
 49240 | Elf:3    | Reached XP level 20. HP: 166/196 MP: 14/29
 49861 | Elf:3    | Identified the ring of the Fortune-Teller {AC+4 Int-5
                  | Slay+4 SInv}
 50235 | Elf:3    | Got the Almanac of Unstable Attacks
 50260 | Elf:3    | Got the Grimoire of Lightness and Curses
 50693 | D:11     | Got Wuqic's Incunabulum of Hexes and Ignition
 50956 | Depths:1 | Entered Level 1 of the Depths
 50963 | D:15     | Reached skill level 1 in Crossbows
 51515 | Vaults:1 | Entered Level 1 of the Vaults
 51815 | Vaults:1 | Reached skill level 5 in Crossbows
 54080 | Vaults:2 | Found a crumbling gateway.
 54102 | Desolati | Entered the Desolation of Salt
 54220 | Desolati | Reached XP level 21. HP: 106/205 MP: 30/30
 54447 | Desolati | Identified the ring of Amorality {+Blink rC+ Int+5 Dex-5}
 54637 | Desolati | Identified the +1 shortbow "Wauxusyur" {vorpal, rF+ rN+}
 54639 | Desolati | Got the Disquisition on Changing
 54640 | Desolati | Identified the +4 hunting sling of the Evening {vorpal, rF+
                  | Will- Stlth+}
 54645 | Desolati | Got Giawn's Collected Works on the Frostbite and the
                  | Arsonist
 54833 | Desolati | Identified the ring of Archuet {rF+ rC- Str+5 Slay+5}
 54835 | Desolati | Identified the ring "Ruckaofi" {rC+ rCorr AC+4 Str-2
                  | Stlth+}
 54839 | Desolati | Identified the +9 plate armour of Patience {rF+ rC+ rN+
                  | Str-2}
 54850 | Desolati | Identified the ring of Culosiaf {Will+ Dex+3}
 55526 | Vaults:2 | Found Teumui's Assorted Antiques.
 55535 | Vaults:2 | Reached skill level 10 in Crossbows
 55555 | Vaults:2 | Bought a scroll of blinking for 337 gold pieces
 55555 | Vaults:2 | Bought a scroll of enchant armour for 337 gold pieces
 56533 | Vaults:2 | Found Gozag's Antique Weapon Boutique.
 56542 | Vaults:2 | Found an opulent altar of Gozag.
 56543 | Vaults:2 | Found Gozag's Antique Armour Shop.
 56551 | Vaults:2 | Found Gozag's Assorted Antiques.
 56677 | Vaults:2 | Bought a twisted spear for 800 gold pieces
 56677 | Vaults:2 | Identified the +7 spear of Untimely Demise {freeze, rF+ rC+
                  | Dex+3} (You bought it in a shop on level 2 of the Vaults)
 57140 | Vaults:2 | Reached skill level 16 in Armour
 57776 | Vaults:3 | Cast into level 2 of the Abyss (a wizard)
 57776 | Abyss:2  | Found a corrupted altar of Lugonu.
 57918 | Abyss:2  | Paralysed by an air elemental for 1 turns
 58132 | Vaults:3 | Escaped the Abyss
 58365 | Vaults:3 | Reached skill level 10 in Stealth
 58448 | Vaults:3 | Reached XP level 22. HP: 198/218 MP: 31/31
 58644 | Vaults:3 | Found Etuiz's Assorted Antiques.
 58668 | Vaults:3 | Bought 2 potions of invisibility for 768 gold pieces
 58919 | Vaults:3 | Found a staircase to the Crypt.
 59438 | Vaults:3 | Found Caokkudd's Weapon Boutique.
 62310 | Vaults:2 | Bought a glowing cloak for 750 gold pieces
 62434 | Vaults:3 | Bought an embroidered hat for 336 gold pieces
 63054 | Depths:1 | Noticed Aizul
 63071 | Depths:1 | Killed Aizul
 63464 | Depths:1 | Found Heromiz's Magic Scroll Shoppe.
 63473 | Depths:1 | Bought a scroll of teleportation for 45 gold pieces
 63473 | Depths:1 | Bought a scroll of teleportation for 45 gold pieces
 63473 | Depths:1 | Bought a scroll of teleportation for 45 gold pieces
 63576 | Depths:1 | Found a glowing silver altar of Zin.
 63592 | Depths:1 | Found a gateway to Hell.
 63850 | Depths:1 | Found a one-way gate to the infinite horrors of the Abyss.
 63925 | Depths:2 | Reached skill level 15 in Staves
 64006 | Depths:2 | Found a flickering gateway to a bazaar.
 64017 | Depths:2 | Reached XP level 23. HP: 213/230 MP: 32/32
 64237 | Bazaar   | Entered a bazaar
 64348 | Bazaar   | Found Jel Juix's Book Shop.
 64368 | Bazaar   | Found Qahead's Antique Weapon Shoppe.
 64377 | Bazaar   | Found Mugy's Book Shop.
 64425 | Bazaar   | Found Qukhlij's Antique Armour Emporium.
 64434 | Bazaar   | Found Mitin's Antique Weapon Shop.
 64487 | Depths:2 | Found a one-way gate leading to the halls of Pandemonium.
 65422 | Depths:2 | Found a basalt altar of Yredelemnul.
 66177 | Depths:3 | Noticed Sojobo
 66188 | Depths:3 | Killed Sojobo
 66400 | Depths:3 | Noticed Louise
 66410 | Depths:3 | Killed Louise
 66563 | Depths:3 | Found a snail-covered altar of Cheibriados.
 67322 | Depths:3 | Noticed a caustic shrike
 67327 | Depths:3 | Killed a caustic shrike
 67899 | Depths:3 | Noticed a golden dragon
 67904 | Depths:3 | Killed a golden dragon
 68246 | Depths:3 | Noticed a golden dragon
 68257 | Depths:3 | Killed a golden dragon
 68546 | Depths:4 | Entered Level 4 of the Depths
 68691 | Depths:4 | Found a one-way gateway to a ziggurat.
 69076 | Depths:4 | Noticed a golden dragon
 69096 | Depths:4 | Killed a golden dragon
 69494 | Depths:4 | Found Cylagg's Jewellery Boutique.
 69820 | Depths:4 | Found a gate to the Realm of Zot.
 69820 | Depths:4 | Noticed a golden dragon
 69837 | Depths:4 | Killed a golden dragon
 70695 | Vaults:5 | Entered Level 5 of the Vaults
 70700 | Vaults:5 | Reached XP level 24. HP: 231/238 MP: 27/32
 71271 | Vaults:5 | Gained mutation: You are agile. (Dex +2) [a shining eye]
 71273 | Vaults:5 | Gained mutation: You have hidden genetic defects. [a
                  | shining eye]
 71325 | Vaults:5 | Reached skill level 5 in Transmutations
 71329 | Vaults:5 | Identified the +1 chain mail "Qiobir" {Will+ rCorr Str+2}
 71332 | Vaults:5 | Identified the ring of Jimexzob {rElec rCorr Int+3}
 71340 | Vaults:5 | Identified the +11 short sword of Yredelemnul's Grace
                  | {spect, rF+ Str+4 Int+3}
 71342 | Vaults:5 | Reached skill level 5 in Earth Magic
 71544 | Vaults:5 | Noticed a dread lich
 71561 | Vaults:5 | Killed a dread lich
 71562 | Vaults:5 | Reached skill level 5 in Spellcasting
 71852 | Vaults:5 | Gained mutation: You sometimes lose the ability to read
                  | scrolls when taking damage. [hidden defects]
 72776 | Vaults:5 | Got a silver rune of Zot
 73387 | Vaults:5 | Identified the +0 robe of the Fiend {rPois Will- rCorr
                  | Dex+4}
 73393 | Vaults:5 | Identified the amulet of Jublieb {rElec Regen+ Int+3
                  | Stlth-}
 73521 | Vaults:5 | Identified the +8 mace of the Poles {vorpal, Str+9 Dex+3}
 73899 | Depths:1 | Learned a level 2 spell: Passwall
 74185 | Snake:2  | Bought an Inescapable Atlas for 578 gold pieces
 74188 | Snake:2  | Learned a level 2 spell: Blink
 74481 | Depths:1 | Voluntarily entered the Abyss.
 74913 | Abyss:2  | Lost mutation: You are agile. (Dex +2) [a neqoxec]
 75043 | Abyss:2  | Paralysed by accursed screaming for 1 turns
 75054 | Abyss:2  | Paralysed by accursed screaming for 1 turns
 75093 | Depths:1 | Escaped the Abyss
 75430 | Depths:1 | Voluntarily entered the Abyss.
 75557 | Abyss:3  | Gained mutation: Your magical capacity is low. (-10% MP) [a
                  | neqoxec]
 75591 | Abyss:3  | Found a basalt altar of Yredelemnul.
 76198 | Abyss:3  | Gained mutation: You are frail. (-10% HP) [a neqoxec]
 76451 | Depths:1 | Escaped the Abyss
 76854 | Depths:1 | Voluntarily entered the Abyss.
 77361 | Abyss:2  | Found a snail-covered altar of Cheibriados.
 77490 | Depths:1 | Escaped the Abyss
 77753 | Depths:1 | Voluntarily entered the Abyss.
 78095 | Abyss:1  | Found a corrupted altar of Lugonu.
 78186 | Abyss:2  | Found a corrupted altar of Lugonu.
 78331 | Abyss:3  | Found a corrupted altar of Lugonu.
 78351 | Abyss:3  | Found a corrupted altar of Lugonu.
 78511 | Abyss:5  | Entered Level 5 of the Abyss
 78640 | Abyss:5  | Gained mutation: Your body sometimes deteriorates upon
                  | taking damage. [a neqoxec]
 78671 | Abyss:5  | Found a hazy altar of Hepliaklqana.
 78699 | Abyss:5  | Paralysed by accursed screaming for 1 turns
 78703 | Abyss:5  | Paralysed by accursed screaming for 1 turns
 78707 | Abyss:5  | HP: 6/216 [hellion/damnation (28)]
 78859 | Depths:1 | Escaped the Abyss
 79183 | Depths:1 | Voluntarily entered the Abyss.
 79365 | Abyss:1  | Gained mutation: You are clumsy. (Dex -2) [a neqoxec]
 79487 | Depths:1 | Escaped the Abyss
 79719 | Depths:1 | Voluntarily entered the Abyss.
 79903 | Abyss:3  | Found a corrupted altar of Lugonu.
 79911 | Abyss:3  | Paralysed by an air elemental for 1 turns
 79913 | Abyss:3  | Gained mutation: Your body often deteriorates upon taking
                  | damage. [a neqoxec]
 79914 | Abyss:3  | Gained mutation: You have an uncontrollable temper. [a
                  | neqoxec]
 79915 | Abyss:3  | Gained mutation: You are dopey. (Int -2) [a neqoxec]
 79926 | Abyss:3  | Gained mutation: You are very frail. (-20% HP) [a neqoxec]
 80073 | Abyss:3  | Found a runed translucent door.
 80179 | Abyss:3  | Paralysed by accursed screaming for 1 turns
 80773 | Abyss:4  | Paralysed by a floating eye for 3 turns
 80780 | Abyss:4  | Reached XP level 25. HP: 81/203 MP: 22/22
 80780 | Abyss:4  | Reached XP level 26. HP: 84/209 MP: 22/22
 80780 | Abyss:4  | Got an abyssal rune of Zot
 81205 | Depths:1 | Escaped the Abyss
 81573 | Depths:1 | Lost mutation: You are dopey. (Int -2) [potion of mutation]
 81573 | Depths:1 | Lost mutation: You are clumsy. (Dex -2) [potion of
                  | mutation]
 81573 | Depths:1 | Lost mutation: You have hidden genetic defects. [potion of
                  | mutation]
 81574 | Depths:1 | Lost mutation: You are very frail. (-20% HP) [potion of
                  | mutation]
 81574 | Depths:1 | Lost mutation: You are frail. (-10% HP) [potion of
                  | mutation]
 81574 | Depths:1 | Lost mutation: Your body often deteriorates upon taking
                  | damage. [potion of mutation]
 81574 | Depths:1 | Gained mutation: Your tail ends in a venomous barb. [potion
                  | of mutation]
 81575 | Depths:1 | Lost mutation: Your tail ends in a venomous barb. [potion
                  | of mutation]
 81575 | Depths:1 | Lost mutation: Your body sometimes deteriorates upon taking
                  | damage. [potion of mutation]
 81575 | Depths:1 | Gained mutation: You are frail. (-10% HP) [potion of
                  | mutation]
 81576 | Depths:1 | Lost mutation: You have an uncontrollable temper. [potion
                  | of mutation]
 81576 | Depths:1 | Lost mutation: You sometimes lose the ability to read
                  | scrolls when taking damage. [potion of mutation]
 81576 | Depths:1 | Lost mutation: You are frail. (-10% HP) [potion of
                  | mutation]
 81576 | Depths:1 | Lost mutation: Your magical capacity is extremely low.
                  | (-30% MP) [potion of mutation]
 81879 | D:13     | You showed the abyssal rune of Zot to enter a treasure
                  | trove
 81880 | Trove    | Entered a treasure trove
 81885 | Trove    | Identified the +0 pair of gloves "Olueng" {Dex+5}
 81911 | Trove    | Found the +4 Cigotuvi's embrace {rMiasma Drain rN+}
 82236 | Slime:1  | Entered Level 1 of the Pits of Slime
 82487 | Slime:1  | Reached skill level 1 in Translocations
 83317 | Slime:3  | Gained mutation: You tend to lose your temper in combat. [a
                  | shining eye]
 83519 | Slime:4  | Gained mutation: You occasionally shout uncontrollably at
                  | your foes. [a shining eye]
 84380 | Slime:5  | Entered Level 5 of the Pits of Slime
 84405 | Slime:5  | Reached XP level 27. HP: 246/271 MP: 32/32
 84734 | Slime:5  | Gained mutation: Your mind is acute. (Int +2) [a shining
                  | eye]
 84762 | Slime:5  | Noticed the Royal Jelly
 85358 | Slime:5  | Killed the Royal Jelly
 86449 | Slime:4  | Gained mutation: You are weak. (Str -2) [a shining eye]
 86496 | Slime:5  | Found the +9 scales of the Dragon King {rPois rF+ rC+
                  | Will+}
 86526 | Slime:5  | Identified the amulet "Citipt" {-Cast rPois Regen+ Dex+9
                  | Stlth+}
 86528 | Slime:5  | Identified the +6 arbalest "Uhobafawoll" {freeze, rPois}
 86578 | Slime:5  | Identified the +5 leather armour of Sorcery {rF- rC+ rN+
                  | Stlth+}
 86623 | Slime:5  | Identified the +8 hand crossbow of Evolution {penet, rCorr
                  | Int-2 Dex+3}
 86639 | Slime:5  | Got a slimy rune of Zot
 87111 | Slime:5  | Identified the +7 shortbow of Farchahi {vorpal, Str+3}
 87573 | Pan      | Entered Pandemonium
 87713 | Pan      | Noticed Meirul the pandemonium lord
 87744 | Pan      | Killed Meirul the pandemonium lord
 87745 | Pan      | Reached skill level 17 in Armour
 87830 | Pan      | Identified a scroll of acquirement
 87835 | Pan      | Acquired 511 gold pieces
 88721 | Pan      | Entered the realm of Cerebov.
 88884 | Pan      | Reached skill level 18 in Armour
 89181 | Pan      | Identified the +4 battleaxe "Goaralas" {vorpal, rPois Str-5
                  | Dex+3}
 89695 | Pan      | Identified the +8 long sword of Bobamuek {vorpal, Str+9}
 89853 | Pan      | Reached skill level 19 in Armour
 90730 | Pan      | Identified the amulet "Emeinouz" {Acrobat Fly rF+ Int-4
                  | Dex+8}
 91004 | Pan      | Reached skill level 20 in Armour
 92149 | Pan      | Found the +6 sword of Cerebov {flame}
 92149 | Pan      | Noticed Cerebov
 92167 | Pan      | HP: 3/272 [Cerebov/great blast of fire (12)]
 92599 | Pan      | Reached skill level 21 in Armour
 92604 | Pan      | Lost mutation: You occasionally shout uncontrollably at
                  | your foes. [potion of mutation]
 92604 | Pan      | Lost mutation: You tend to lose your temper in combat.
                  | [potion of mutation]
 92604 | Pan      | Gained mutation: You are agile. (Dex +2) [potion of
                  | mutation]
 92604 | Pan      | Gained mutation: Your spells are a little harder to cast,
                  | but a little more powerful. [potion of mutation]
 93026 | Pan      | Killed from afar by Cerebov

Illustrated notes

Levels and vault maps discovered:
D:1:      mrwooster_arrival_arrow, layout_basic,
          dreamdust_ecumenical_altar_hidden_monk_grotto, minivault_23,
          minivault_27, minmay_octomino_c4
D:2:      layout_loops_corners, basic_altar
D:3:      layout_loops_corners
D:4:      layout_loops_ring, minmay_temple_entry_slanted, serial_shops,
          nicolae_shop_crystal, shop, nicolae_specific_store,
          guppyfry_early_lair_pool
D:5:      layout_basic
D:6:      layout_loops_corners, grunt_temple_overflow_diamond,
          uniq_crazy_yiuf_cottage
D:7:      layout_basic, nicolae_yredelemnul_corpse_copse,
          mainiacjoe_overflow_tiny_flanked, makhleb_blood_cavern_becter
D:8:      layout_basic, serial_shops, shop_fountains
D:9:      layout_loops_ring, old_standard_altar, serial_shops,
          nicolae_shop_crystal, uniq_maggie
D:10:     layout_loops_ring, due_lair_maze_entry_diamond, uniq_harold,
          uniq_erica
D:11:     layout_loops_ring, zombieorc1_lemuel, minmay_protected_statue,
          uniq_sonja, uniq_grum
D:12:     layout_loops_ring, blue_anna_alchemist, uniq_nessos
D:13:     layout_rooms, trove_entry_hex_spiral, serial_shops,
          nicolae_shop_behind_doors
D:14:     layout_cave_pools, ximxim_vaults_locker_room,
          nicolae_hepliaklqana_ecumenical_no_more
D:15:     gammafunk_enter_depths_forms, layout_small_grid, minivault_23,
          lemuel_flamethrower_2, uniq_agnes
Temple:   regret_index_temple_waves
Lair:1:   layout_regular_city, lemuel_fruit_tree, lemuel_fruit_fields,
          uniq_fannar
Lair:2:   cheibrodos_lair_river_kwai, layout_regular_city,
          minmay_snake_entry_guardpost_small, nicolae_quartered_pool_impasse,
          infiniplex_staircase_pool_2
Lair:3:   layout_roguey, swamp_mist, portal_ice_cave_entry_pillars_1,
          worms_lemuel, serial_bayou_shore_a
Lair:4:   layout_concentric_octagons
Lair:5:   layout_cave_pods, st_stairs_6, beast_lair_carwin_6, grunt_megastairs_1
Lair:6:   wormcave, layout_concentric_octagons, slime_altar_2,
          kennysheep_abandoned_house
Swamp:1:  layout_basic_swamp, gammafunk_ghost_mausoleum,
          evilmike_swamp_ruin_house_5, swamp_pool3
Swamp:2:  layout_basic_swamp, nicolae_swamp_trees_clearing
Swamp:3:  layout_basic_swamp, evilmike_swamp_ruin_house_6, swamp_pool2,
          uniq_jorgrun, uniq_kirke
Swamp:4:  swamp_basic_johnstein, layout_basic_swamp, nicolae_swamp_big_swirl,
          infiniplex_staircase_pool, uniq_roxanne, uniq_mara
Snake:1:  layout_honeycomb, nicolae_snake_yet_another_twisty_hallway,
          minmay_shop_star, uniq_donald, uniq_nikola
Snake:2:  layout_onion, serial_bayou_shore_b, minmay_shop_grove,
          grunt_megastairs_5
Snake:3:  nicolae_snake_unarmed_stairs_patrol, layout_onion_interference,
          st_stairs_9, nicolae_stop_n_shop_1
Snake:4:  hellmonk_snake_rune_quicksilver_temple, layout_cave_town
Slime:1:  layout_caves, basic_altar, cheibrodos_slime_lost_civilization_5
Slime:2:  layout_caves
Slime:3:  layout_caves
Slime:4:  layout_caves
Slime:5
Orc:1:    layout_diamond_mine, ebering_ghost_disaster_area, uniq_josephine
Orc:2:    grunt_orc_community_town_hall, layout_diamond_mine,
          grunt_orc_community_big_house_2, grunt_orc_community_big_house_2,
          grunt_orc_community_house_1, grunt_orc_community_house_1,
          grunt_orc_community_house_1, grunt_orc_community_house_1,
          serial_shops, nicolae_shop_hallway_plus, uniq_saint_roka, uniq_rupert
Elf:1:    minmay_elf_arrival_plus, layout_loops_cross,
          kennysheep_underground_church
Elf:2:    nicolae_elf_blades_splatter_lattice [nicolae_blade_lattice],
          layout_geoelf_octagon
Elf:3:    elf_hall, layout_loops_cross, patterned_corridor
Vaults:1: nicolae_vaults_stairing_the_circle, nicolae_vaults_what_the_h,
          dpeg_vaults_monster_box, vaults_mumra_chevron_long,
          vaults_room_octagon, nicolae_vaults_windows_and_doors_thing, st_check,
          nicolae_vaults_little_squares_1, layout_vaults_omnigrid
Vaults:2: portal_desolation_entry_salt, hangedman_vaults_variations,
          hangedman_vaults_trim, ontoclasm_vaults_spin,
          nicolae_vaults_network_barrier, v_misc_26,
          kennysheep_vaults_gozag_temple, nicolae_vaults_big_ls,
          nicolae_vaults_diagonal_hallway_7, nicolae_vaults_bisected_slash,
          layout_vaults_big_room, serial_shops, shop_statue
Vaults:3: v_misc_11, v_misc_2, nicolae_vaults_puzzle_piece, grunt_vaults_funnel,
          minmay_crypt_entry_simple_statues, v_misc_3, ontoclasm_vaults_pinch,
          nicolae_vaults_quartermaster, hangedman_vaults_nodes,
          vaults_room_pools, vaults_room_door_ring, vaults_room_mumra_shop_pool,
          ontoclasm_vaults_decontamination, vaults_room_semicircle,
          layout_vaults_ring, serial_shops, shop
Vaults:4: vaults_room_hallway, nicolae_vaults_little_squares_2,
          grunt_vaults_diagonal, grunt_vaults_trifunnel,
          nicolae_vaults_inception_corners, vaults_standard_mumra_lines,
          nicolae_vaults_triangles, v_misc_30, v_misc_17,
          hangedman_vaults_cutoff, vaults_room_hallway,
          ontoclasm_vaults_shuriken, layout_vaults_omnibox
Vaults:5: uniq_margery
Depths:1: layout_cave_pools, hell_entry, serial_shops, nicolae_shop_stone,
          chequers_decorated_corner, hangedman_abyss_entry_splay,
          amcnicky_mini_corridor_feature, zin_academy, uniq_aizul
Depths:2: minmay_bloctagon_deflated, layout_honeycomb, grunt_mini_vestibule,
          rand_demon_pan_entry_7, serial_shops, freezing_bzr,
          lemuel_coloured_pillars_altar, kennysheep_generic_room_7
Depths:3: evilmike_diamond_1, layout_honeycomb, pan_entry,
          pf_hell_entry_tar_spiral, nicolae_abyss_entry_one_way_or_another,
          nrook_mini_backslash, slow_altar_1, uniq_sojobo
Depths:4: grunt_zot_entry_funnels, layout_honeycomb, enter_ziggurat_b,
          hell_entry, serial_shops, shop, minmay_misc_feat_ornament
Pan:      nicolae_pan_hourglass, layout_basic, nicolae_pan_mnolegish_4,
          cerebov_grunt_fire_and_steel, layout_long_grid, pan_blood_fountain_2,
          pan_blood_fountain, nicolae_pan_sigil_obb

Skill      XL: |  1  2  3  4  5  6  7  8  9 10 11 12 13 14 15 16 17 18 19 20 21 22 23 24 25 26 27 |
---------------+----------------------------------------------------------------------------------+-----
Dodging        | 2 3 4 6 8 9 10 11 12 13 14 15 16 17 18 | 18.4
Stealth        | 1 2 3 4 5 6 7 10 11 | 11.9
Armour         | 1 2 3 4 6 7 9 10 11 12 13 14 15 16 21 | 21.4
Fighting       | 1 2 3 5 6 7 8 9 11 12 13 14 15 16 17 18 20 | 20.9
Staves         | 6 7 8 9 10 11 12 13 14 15 19 20 | 20.0
Polearms       | 1 3 |  3.4
Invocations    | 4 7 9 10 12 | 12.9
Spellcasting   | 1 3 4 5 6 |  6.9
Transmutations | 1 4 6 7 |  7.5
Earth Magic    | 1 3 4 6 7 |  7.5
Crossbows      | 9 11 12 | 12.2
Translocations | 2 3 |  3.8
Axes           | |  2.0
Evocations     | |  1.0

Action                   |  1- 3 |  4- 6 |  7- 9 | 10-12 | 13-15 | 16-18 | 19-21 | 22-24 | 25-27 || total
-------------------------+-------+-------+-------+-------+-------+-------+-------+-------+-------++-------
Melee: Quarterstaff      |    87 |   141 |   302 |   522 |   892 |    91 |       |       |       ||  2035
       Constrict         |       |       |       |       |   256 |   202 |   290 |   424 |   238 ||  1410
       Lajatang          |       |       |       |       |   221 |   870 |  1200 |  2417 |  1235 ||  5943
       Spear             |       |       |       |       |       |    91 |     9 |    46 |    13 ||   159
       Unarmed           |       |       |       |       |       |     8 |       |       |       ||     8
       Punch             |       |       |       |       |       |     2 |       |       |       ||     2
 Fire: Arbalest          |       |       |       |       |       |       |     1 |   144 |   184 ||   329
Invok: Slouch            |       |       |       |       |     5 |     4 |     5 |     3 |     3 ||    20
       Temporal Distorti |       |       |       |       |       |     1 |       |       |       ||     1
       Step From Time    |       |       |       |       |       |       |       |     1 |       ||     1
 Abil: Spit Poison       |       |    11 |     5 |     6 |     8 |     4 |     2 |       |       ||    36
Evoke: Wand              |       |       |       |     2 |     4 |     1 |     7 |     1 |    10 ||    25
       Condenser vane    |       |       |       |       |       |       |     1 |     1 |     1 ||     3
       Phial of floods   |       |       |       |       |       |       |     1 |       |     1 ||     2
       Phantom mirror    |       |       |       |       |       |       |       |       |     1 ||     1
  Use: Scroll            |     4 |     2 |     4 |    12 |    10 |     6 |     9 |     7 |    12 ||    66
       Potion            |     1 |       |       |     1 |     7 |     4 |     5 |    13 |    15 ||    46
 Stab: Sleeping          |     2 |     2 |       |     1 |     6 |     4 |     1 |     2 |     1 ||    19
       Petrified         |       |       |       |       |     8 |       |       |       |       ||     8
       Petrifying        |       |       |       |       |     1 |       |       |       |       ||     1
       Distracted        |       |       |       |       |     4 |       |     1 |     9 |     3 ||    17
       Confused          |       |       |       |       |       |     1 |       |     7 |       ||     8
       Paralysed         |       |       |       |       |       |       |       |       |     3 ||     3
Armor: Leather armour    |    29 |    12 |       |       |       |       |       |       |       ||    41
       Ring mail         |       |    46 |    70 |       |       |       |       |       |       ||   116
       Chain mail        |       |       |   153 |   300 |   495 |    98 |   173 |       |       ||  1219
       Plate armour      |       |       |       |       |       |   519 |   598 |  1677 |   573 ||  3367
       Gold dragon scale |       |       |       |       |       |       |       |       |   488 ||   488
Dodge: Dodged            |    53 |    61 |   170 |   400 |  1054 |   851 |  1055 |  2382 |  1449 ||  7475
Block: Other             |       |       |       |    95 |   291 |   263 |   264 |   611 |   351 ||  1875
       Reflection        |       |       |       |     2 |    10 |    22 |    20 |    17 |     5 ||    76
